 Dungeon Crawl Stone Soup version 0.25-a0-365-g7600c65 (webtiles) character file.

Game seed: 1929807065300596644, levelgen mode: deterministic

2843 sauken the Cleaver (level 9, -8/79 HPs)
             Began as a Minotaur Gladiator on Jan 6, 2020.
             Was an Initiate of Okawaru.
             Mangled by an orc warrior
             ... wielding a +0 broad axe
              (18 damage)
             ... in a bailey.
             The game lasted 00:08:19 (7555 turns).

sauken the Cleaver (Minotaur Gladiator)             Turns: 7555, Time: 00:08:19

Health: -8/79      AC:  8    Str: 26 (28) XL:     9   Next: 46%
Magic:  8/8        EV: 15    Int:  3 (5)  God:    Okawaru [......]
Gold:   377        SH:  0    Dex: 11      Spells: 8/8 levels left

rFire    . . .     SeeInvis .   a - +0 war axe
rCold    . . .     Gourm    +   (no shield)
rNeg     . . .     Faith    .   w - +3 leather armour {rPois}
rPois    +         Spirit   .   c - +1 hat
rElec    .         Reflect  .   (no cloak)
rCorr    .         Harm     .   k - +0 pair of gloves
MR       .....                  (no boots)
Stlth    ++........             j - amulet of the gourmand {Gourm, !d}
HPRegen  0.23/turn              t - ring of flight {+Fly, !d}
MPRegen  0.11/turn              u - ring of stealth {Stlth+}

@: mighty
A: retaliatory headbutt, horns 2
a: Renounce Religion, Evoke Flight


You were in a bailey.
You worshipped Okawaru.
Okawaru was noncommittal.
You were not hungry.

You visited 2 branches of the dungeon, and saw 8 of its levels.
You also visited: Sewer and Bailey.

You collected 377 gold pieces.

Inventory:

Hand Weapons
 a - a +0 war axe (weapon)
Missiles
 d - a throwing net (quivered) {=f, !d}
 y - 5 javelins
Armour
 b - a +0 leather armour
 c - a +1 hat (worn)
 g - a +0 scale mail
   (You found it on level 1 of the Dungeon)
 k - a +0 pair of gloves (worn)
   (You found it on level 2 of the Dungeon)
 r - a +1 plate armour
   (You found it on level 1 of the Dungeon)
 w - a +3 leather armour of poison resistance (worn)
   (You took it off Eustachio on level 5 of the Dungeon)
Jewellery
 j - an amulet of the gourmand (around neck) {Gourm, !d}
   (You found it on level 1 of the Dungeon)
 t - a ring of flight (left hand) {+Fly, !d}
   (You found it on level 4 of the Dungeon)
 u - a ring of stealth (right hand) {Stlth+}
   (You found it on level 5 of the Dungeon)
Scrolls
 h - 3 scrolls of magic mapping {!r}
 l - a scroll of fog
 o - a scroll of fear
 p - 4 scrolls of remove curse
 q - a scroll of enchant weapon
 x - a scroll of teleportation
Potions
 A - 2 potions of heal wounds
Comestibles
 f - 13 rations


   Skills:
 + Level 7.3 Fighting
 * Level 10.5 Axes
 + Level 6.1 Throwing
 + Level 7.2 Dodging


You had 8 spell levels left.
You didn't know any spells.
Your spell library contained the following spells:

 Spells                   Type           Power        Failure   Level  Hunger
 Foxfire                  Conj/Fire      #...         56%         1    ##.....
 Conjure Flame            Conj/Fire      #.......     91%         3    ####...
 Inner Flame              Hex/Fire       #.......     91%         3    ####...
 Sticky Flame             Conj/Fire      #.......     100%        4    #####..
 Fireball                 Conj/Fire      #.........   100%        5    ######.


Dungeon Overview and Level Annotations

Branches:
Dungeon (7/15)             Temple (1/1) D:6           Sewer (visited)
 Bailey (1/1)

Altars:
Ashenzari
Cheibriados
Dithmenos
Elyvilon
Fedhas
Gozag
Hepliaklqana
Kikubaaqudgha
Makhleb
Nemelex Xobeh
Okawaru
Qazlal
Ru
Sif Muna
Trog
Uskayaw
Vehumet
Wu Jian
Xom
Yredelemnul
Zin
The Shining One

Shops:
D:5 :


Innate Abilities, Weirdness & Mutations

You reflexively headbutt those who attack you in melee.
You have a pair of horns on your head.


Message History

Okay, then.
Really walk onto that alarm trap?
You set off the alarm!
The alarm trap emits a blaring wail!
The mark upon you grows brighter.
Unknown command.
You start resting.
A hobgoblin comes into view. It is wielding a +0 hand axe.
You regained 3 hp, and now have 71/78 hp.
The kobold throws a boomerang.
The boomerang barely misses you.
The weapon returns to the kobold!
An orc knight comes into view. It is wielding a +0 war axe.
You slash the hobgoblin!
You kill the hobgoblin!
An orc comes into view. It is wielding a +0 hand axe.
Okay, then.
Quiver which item? (- for none, * to show all) (? for menu, Esc to quit)
Okay, then.
Okay, then.
You feel agile all of a sudden.
The hobgoblin hits you with a +0 hand axe.
You take 1 damage, and have 71/78 hp.
It was a potion of cancellation.
Your magical effects are unravelling.
You feel magically purged.
You feel a little less agile now.
The sentinel's mark upon you fades away.
An orc warrior comes into view. It is wielding a +0 war axe.
It was a potion of magic.
Magic courses through your body.
The hobgoblin hits you with a +0 hand axe.
You take 2 damage, and have 70/78 hp.
It was a potion of might.
You feel very mighty all of a sudden. The hobgoblin completely misses you.
You furiously retaliate!
You headbutt the hobgoblin!
You kill the hobgoblin!
The orc knight roars a battlecry!
The orcs go into a battle-frenzy!
The kobold throws a boomerang.
The boomerang closely misses you.
The weapon returns to the kobold!
The kobold throws a boomerang.
The boomerang misses you.
The weapon returns to the kobold!
An orc warrior comes into view. It is wielding a +0 broad axe.
It was a potion of degeneration.
There was something very wrong with that liquid.
You feel weakened.
You feel dopey.
You feel clumsy.
Quiver which item? (- for none, * to show all) (? for menu, Esc to quit)
Quivering
d - 3 throwing nets {=f, !d} for throwing.
A gnoll comes into view. It is wielding a +0 hand axe.
Throwing (i - inventory. (/) - cycle)
d - 3 throwing nets (quivered)
{=f, !d}
Aim: an orc knight, wielding a +0 war axe and wearing a +0 ring mail You throw a throwing net {=f, !d}.
The throwing net {=f, !d} hits the orc knight.
The orc knight is caught in the net!
The orc knight struggles against the net.
You slice the orc knight!! Your headbutt misses the orc knight.
The orc knight struggles against the net.
You completely miss the orc knight. You headbutt the orc knight.
You barely miss the orc. The orc closely misses you. You furiously retaliate!
You headbutt the orc!
You kill the orc!
Okawaru accepts your kill.
The orc knight struggles against the net.
You hit the orc knight. You headbutt the orc knight!!
The orc knight struggles against the net.
The net rips apart, and the orc knight comes free!
You barely miss the orc knight. You barely miss the orc warrior.
The orc warrior hits you with a +0 war axe.
The orc knight roars a battlecry!
An orc comes into view. It is wielding a +0 war axe.
You take 3 damage, and have 68/78 hp.
Throwing (i - inventory. (/) - cycle)
d - 2 throwing nets (quivered)
{=f, !d}
Aim: an orc knight, wielding a +0 war axe and wearing a +0 ring mail (severely wounded)
You throw a throwing net {=f, !d}.
The throwing net {=f, !d} hits the orc knight.
The orc knight is caught in the net!
The orc warrior hits you with a +0 war axe!!
The orc knight struggles against the net.
You take 24 damage, and have 44/78 hp.
MASSIVE DAMAGE!!
You slash the orc knight! You headbutt the orc knight! You hit the orc warrior.
You closely miss the orc warrior.
The orc warrior hits you with a +0 broad axe.
The orc warrior hits you with a +0 war axe!!
* * * LOW HITPOINT WARNING * * *
The orc knight struggles against the net.
Unknown command.
You take 34 damage, and have 10/78 hp.
MASSIVE DAMAGE!!
You slice the orc knight!!
You kill the orc knight!
Okawaru accepts your kill.
You feel your dexterity returning.
Your Fighting skill increases to level 7!
Your Throwing skill increases to level 6!
Your Dodging skill increases to level 7!
You barely miss the orc warrior. x2
The orc warrior hits you with a +0 broad axe!!
You die...

#'###≈.≈###'#
#.K.K≈.≈K...#
#'###≈.≈###'#
#...K≈o≈....#
#'###≈.≈###'#
#∩...≈.≈K..∩#
######g######
##o∩o##
#8.@.8#
##.∩.## ##8##
###


You could see 2 orc warriors, a gnoll, an orc and 3 kobolds.

Vanquished Creatures
  An orc knight (Bailey)
  Joseph (D:7)
  Eustachio (D:5)
  A water moccasin (D:5)
  An ogre (D:5)
  A phantom (D:4)
  A centaur (D:6)
  Blork the orc (D:6)
  3 big kobolds (Sewer)
  2 bullfrogs (D:6)
  A wyvern zombie (D:6)
  A water moccasin zombie (D:3)
  2 howler monkeys
  3 crimson imps
  A hound (D:6)
  2 centaur skeletons (D:6)
  2 orc priests
  A bullfrog skeleton (D:4)
  7 orc wizards
  2 worker ants
  A hound skeleton (D:4)
  A hound zombie (D:6)
  11 gnolls
  11 adders
  3 river rats (Sewer)
  3 oozes (Sewer)
  9 worms
  An adder skeleton (D:5)
  A dart slug (D:3)
  35 orcs
  4 ball pythons
  6 giant cockroaches
  6 goblins
  8 hobgoblins
  5 jackals
  3 quokkas
  5 bats (D:1)
  2 frilled lizards
  12 kobolds
  12 rats
  A toadstool (D:1)
175 creatures vanquished.

Vanquished Creatures (others)
  A rat (D:3)
  3 toadstools (D:1)
4 creatures vanquished.

Grand Total: 179 creatures vanquished

Notes
Turn   | Place    | Note
-------+----------+-------------------------------------------
     0 | D:1      | sauken the Minotaur Gladiator began the quest for the Orb.
     0 | D:1      | Reached XP level 1. HP: 18/18 MP: 0/0
   437 | D:1      | Reached XP level 2. HP: 24/25 MP: 1/1
   573 | D:1      | Reached skill level 4 in Axes
   988 | D:2      | Reached XP level 3. HP: 22/30 MP: 2/2
  1353 | D:2      | Found a shimmering blue altar of Sif Muna.
  1353 | D:2      | Found a shadowy altar of Dithmenos.
  1426 | D:2      | Reached skill level 3 in Fighting
  1461 | D:2      | Found a snail-covered altar of Cheibriados.
  1461 | D:2      | Found a hazy altar of Hepliaklqana.
  1488 | D:2      | Reached XP level 4. HP: 26/38 MP: 3/3
  1912 | D:3      | Reached skill level 5 in Axes
  1924 | D:3      | Reached skill level 4 in Dodging
  1928 | D:3      | HP: 7/38 [something (3)]
  1930 | D:3      | Reached XP level 5. HP: 6/45 MP: 4/4
  1931 | D:3      | HP: 3/45 [poisoned by an orc wizard]
  2170 | D:3      | Reached skill level 3 in Throwing
  2312 | D:3      | Found a glowing drain.
  2322 | Sewer    | Entered a sewer
  2670 | Sewer    | Reached skill level 4 in Fighting
  2670 | Sewer    | Reached XP level 6. HP: 33/52 MP: 5/5
  2767 | Sewer    | Reached skill level 6 in Axes
  3286 | D:3      | Reached XP level 7. HP: 57/60 MP: 6/6
  3694 | D:3      | Reached skill level 7 in Axes
  3694 | D:3      | Reached skill level 5 in Dodging
  3812 | D:4      | Reached skill level 4 in Throwing
  3875 | D:4      | HP: 14/60 [orc/+0 trident (3)]
  4328 | D:4      | Reached skill level 5 in Fighting
  4598 | D:5      | Entered Level 5 of the Dungeon
  4834 | D:5      | Reached skill level 8 in Axes
  4834 | D:5      | Reached XP level 8. HP: 68/68 MP: 7/7
  4918 | D:5      | Found Haecaroo's Book Boutique.
  5221 | D:5      | Noticed Eustachio
  5266 | D:5      | Killed Eustachio
  5632 | D:6      | Reached skill level 6 in Dodging
  5645 | D:6      | Reached skill level 5 in Throwing
  5783 | D:6      | Reached skill level 6 in Fighting
  5848 | D:6      | Reached skill level 9 in Axes
  6063 | D:6      | Noticed Blork the orc
  6071 | D:6      | Killed Blork the orc
  6081 | D:6      | HP: 15/71 [centaur (7)]
  6392 | D:6      | Found a staircase to the Ecumenical Temple.
  6433 | D:6      | Reached XP level 9. HP: 49/78 MP: 8/8
  6464 | Temple   | Entered the Ecumenical Temple
  6728 | Temple   | Became a worshipper of Warmaster Okawaru
  6903 | D:6      | Found a shimmering altar of Xom.
  6919 | D:6      | Found a shimmering altar of Xom.
  7176 | D:7      | Noticed Joseph
  7194 | D:7      | Killed Joseph
  7194 | D:7      | Reached skill level 10 in Axes
  7238 | D:7      | Found a flagged portal.
  7262 | D:7      | HP: 18/78 [orc/+0 whip (4)]
  7270 | D:7      | HP: 13/78 [something/magic dart (7)]
  7275 | Bailey   | Entered a bailey
  7540 | Bailey   | Noticed an orc knight
  7554 | Bailey   | HP: 10/78 [orc warrior/+0 war axe (31)]
  7555 | Bailey   | Killed an orc knight
  7555 | Bailey   | Reached skill level 7 in Fighting
  7555 | Bailey   | Reached skill level 6 in Throwing
  7555 | Bailey   | Reached skill level 7 in Dodging
  7555 | Bailey   | Mangled by an orc warrior

Levels and vault maps discovered:
D:1:      ldierk_water_garden, layout_basic
D:2:      layout_basic, gammafunk_temple_overflow_statue,
          gammafunk_temple_overflow_elements, minmay_bisected
D:3:      layout_loops_ring, cheibrodos_sewer_entry_drain, saegor_snake_ambush
D:4:      layout_rooms, first_ration
D:5:      layout_loops_corners, serial_shops, shop_fountains,
          minmay_tree_intersection, uniq_eustachio
D:6:      layout_basic, minmay_temple_entry_waves, xom_redecorated,
          uniq_blork_the_orc
D:7:      layout_basic, enter_bailey_2, uniq_joseph
Temple:   eino_narrow_crystal_temple
Bailey:   bailey_axe_1, bailey

Skill      XL: |  1  2  3  4  5  6  7  8  9 |
---------------+----------------------------+-----
Axes           | 4 5 6 8 9 10 | 10.5
Fighting       | 3 4 5 6 7 |  7.3
Dodging        | 4 5 6 7 |  7.2
Throwing       | 3 4 5 6 |  6.1

Action                   |  1- 3 |  4- 6 |  7- 9 || total
-------------------------+-------+-------+-------++-------
Melee: War axe           |    55 |   155 |   287 ||   497
       Headbutt          |     9 |    26 |    64 ||    99
Throw: Throwing net      |       |       |     2 ||     2
  Use: Scroll            |       |     3 |     9 ||    12
       Potion            |       |     1 |     7 ||     8
 Stab: Sleeping          |       |       |     2 ||     2
  Eat: Chunk             |     1 |     7 |     6 ||    14
       Ration            |       |       |     3 ||     3
Armor: Scale mail        |    12 |    56 |    27 ||    95
       Plate armour      |       |       |    49 ||    49
       Leather armour    |       |       |    41 ||    41
Dodge: Dodged            |    48 |    99 |   199 ||   346

Table legend:
 A = Non-vault XP
 B = Vault XP
 C = Vault XP percentage of total XP
 D = Non-vault monster count
 E = Vault monster count
 F = Vault count percentage of total count
                 A         B        C        D         E       F
            +---------+---------+-------+---------+---------+-------
      Total |    2170 |    1892 |  46.6 |     131 |      43 |  24.7
            +---------+---------+-------+---------+---------+-------
        D:1 |      19 |       0 |   0.0 |      14 |       0 |   0.0
        D:2 |     102 |       5 |   4.7 |      13 |       3 |  18.8
        D:3 |     301 |      21 |   6.5 |      35 |       5 |  12.5
        D:4 |     349 |       0 |   0.0 |      21 |       0 |   0.0
        D:5 |     386 |     208 |  35.0 |       7 |       1 |  12.5
        D:6 |     958 |      96 |   9.1 |      35 |       1 |   2.8
        D:7 |      55 |     466 |  89.4 |       6 |       1 |  14.3
      Sewer |       0 |     433 | 100.0 |       0 |      28 | 100.0
     Bailey |       0 |     663 | 100.0 |       0 |       4 | 100.0
            +---------+---------+-------+---------+---------+-------

Levels and vault maps discovered:
D:1:      ldierk_water_garden, layout_basic
D:2:      layout_basic, gammafunk_temple_overflow_statue,
          gammafunk_temple_overflow_elements, minmay_bisected
D:3:      layout_loops_ring, cheibrodos_sewer_entry_drain, saegor_snake_ambush
D:4:      layout_rooms, first_ration
D:5:      layout_loops_corners, serial_shops, shop_fountains,
          minmay_tree_intersection, uniq_eustachio
D:6:      layout_basic, minmay_temple_entry_waves, xom_redecorated,
          uniq_blork_the_orc
D:7:      layout_basic, enter_bailey_2, uniq_joseph
Temple:   eino_narrow_crystal_temple
Bailey:   bailey_axe_1, bailey

Table legend:
 A = Turns spent in this place as a percentage of turns spent in the entire game.
 B = Non-inter-level travel turns spent in this place as a percentage of non-inter-level travel turns spent in the entire game.
 C = Inter-level travel turns spent in this place as a percentage of turns spent in this place.
 D = Turns resting spent in this place as a percentage of non-inter-level travel turns spent in this place.
 E = Turns spent auto-exploring this place as a percentage of non-inter-level travel turns spent in this place.
 F = Non-inter-level travel turns spent in this place divided by the number of levels of this place that you've seen.
                   A       B       C       D       E      F
               +-------+-------+-------+-------+-------+----------------------
         Total | 100.0 | 100.0 |   6.6 |  29.2 |  52.7 | 705.5
       Dungeon |  79.9 |  79.0 |   7.7 |  25.6 |  55.7 | 796.1
        Temple |   3.7 |   3.4 |  13.2 |   0.0 |  98.8 | 243.0
         Sewer |  12.7 |  13.6 |   0.0 |  40.6 |  38.8 | 959.0
        Bailey |   3.7 |   4.0 |   0.0 |  87.1 |   0.0 | 280.0
               +-------+-------+-------+-------+-------+----------------------

Table legend:
 A = Kills in this place as a percentage of kills in entire the game.
 B = Kills by you in this place as a percentage of kills by you in the entire game.
 C = Kills by friends in this place as a percentage of kills by friends in the entire game.
 D = Other kills in this place as a percentage of other kills in the entire game.
 E = Experience gained in this place as a percentage of experience gained in the entire game.
 F = Experience gained in this place divided by the number of levels of this place that you have seen.
                   A       B       C       D       E      F
               +-------+-------+-------+-------+-------+----------------------
         Total | 100.0 | 100.0 |   N/A |   N/A | 100.0 | 406.2
       Dungeon |  81.6 |  81.6 |   N/A |   N/A |  73.0 | 423.7
         Sewer |  16.1 |  16.1 |   N/A |   N/A |  10.7 | 433.0
        Bailey |   2.3 |   2.3 |   N/A |   N/A |  16.3 | 663.0
               +-------+-------+-------+-------+-------+----------------------
